Map: 2000 Atmospheres LE

Players

A.I. 1 (Hard)

  • Race: Terran Terran
  • Spawn Location: 3:00

notthispunk - Winner!

  • Race: Terran Terran
  • League: Gold
  • Spawn Location: 7:00

VOD

Have the link to the VOD?

Description

Time

  • Played on: July 12, 2022, 7:41 p.m.
  • Length: 13:01
Show
View Real Time Build Order
Export as new Build Order

A.I. 1 (Hard) Terran 

Build Orders:  

Get SALT Encoding   

  12  0:00  SCV  
  13  0:13  SCV  
  14  0:18  Supply Depot  
  14  0:25  SCV  
  15  0:40  SCV  
  16  0:43  Barracks  
  16  0:48  Refinery  
  16  0:52  SCV  
  18  1:04  SCV  
  18  1:16  SCV  
  19  1:20  Supply Depot  
  19  1:28  SCV  
  19  1:31  Marine  
  21  1:39  Barracks  
  21  1:40  Orbital Command  
  21  1:48  Refinery  
  21  1:50  Barracks Tech Lab  
  21  2:04  Factory  
  21  2:08  Marine  
  22  2:18  Supply Depot  
  22  2:25  Marine  
  22  2:26  Marine  
  24  2:43  Marine  
  25  2:44  Marine  
  25  2:49  Supply Depot, Hellion  
  28  3:01  Marine  
  28  3:05  SCV  
  30  3:10  Hellion  
  32  3:17  SCV, Engineering Bay  
  33  3:29  SCV  
  33  3:31  Hellion  
  33  3:33  Supply Depot  
  36  3:41  SCV  
  37  3:53  SCV, Hellion  
  40  4:05  SCV  
  41  4:14  Hellion  
  43  4:47  Barracks Tech Lab  
  43  4:48  Marauder, Stimpack  
  43  4:50  Factory Tech Lab, Factory, Terran Infantry Weapons Level 1  
  45  4:54  Starport  
  45  4:58  Starport  
  45  5:00  Supply Depot  
  45  5:05  Combat Shield  
  45  5:08  Widow Mine  
  47  5:17  Marauder  
  49  5:30  Starport Tech Lab  
  49  5:33  Factory Tech Lab  
  49  5:35  Starport Tech Lab  
  49  5:38  Siege Tank  
  52  5:46  Supply Depot, Command Center  
  52  5:50  Banshee  
  55  6:00  Viking  
  57  6:09  Widow Mine  
  59  6:13  Missile Turret  
  59  6:19  Missile Turret  
  59  6:29  Banshee  
  62  6:42  Bunker  
  62  6:44  Terran Infantry Armor Level 1  
  62  6:52  Barracks  
  62  6:54  Raven  
  62  6:56  Supply Depot  
  62  6:58  SCV  
  62  6:59  SCV  
  66  7:06  Refinery  
  66  7:09  Missile Turret  
  66  7:10  SCV  
  66  7:11  Missile Turret  
  66  7:12  SCV  
  66  7:14  Refinery  
  68  7:22  SCV  
  69  7:24  SCV  
  70  7:31  Bunker, Raven  
  70  7:34  SCV  
  70  7:36  SCV  
  74  7:46  SCV  
  74  7:48  SCV  
  74  7:49  Sensor Tower  
  76  7:58  SCV  
  76  8:00  SCV, Armory  
  76  8:04  Barracks Reactor  
  78  8:11  SCV  
  78  8:12  SCV  
  80  8:23  SCV  
  80  8:24  SCV  
  82  8:35  SCV  
  82  8:36  SCV  
  82  8:37  Marine  
  64  8:46  Marine  
  64  8:47  SCV  
  57  8:50  SCV  
  58  8:55  Marine  
  58  8:59  SCV  
  58  9:02  Marine  
  61  9:08  Marine  
  62  9:15  Marine  
  63  9:23  Supply Depot, Command Center  
  63  9:27  Marauder  
  65  9:33  Marauder  
  65  9:35  Widow Mine  
  65  9:38  Medivac  
  71  9:40  Medivac  
  71  9:41  Siege Tank  
  76  9:49  Supply Depot  
  76  9:56  Marine, Widow Mine  
  79  10:03  Marine  
  80  10:08  Medivac  
  80  10:10  Raven  
  80  10:13  Hellion  
  86  10:14  Supply Depot  
  86  10:17  Siege Tank  
  89  10:34  Siege Tank  
  92  10:36  SCV  
  92  10:38  SCV  
  92  10:39  SCV, Refinery  
  95  10:47  Refinery  
  95  10:48  SCV  
  95  10:49  Siege Tank  
  99  10:50  SCV  
  99  10:52  SCV  
  101  11:01  SCV  
  101  11:03  Missile Turret, SCV  
  95  11:04  SCV  
  95  11:06  Siege Tank  
  95  11:07  Marine  
  84  11:13  Marine, SCV  
  84  11:17  Viking  
  74  11:24  Viking  
  70  11:25  Marauder  
  70  11:31  Marine  
  58  11:33  Refinery  
  58  11:37  Marine  
  44  11:44  Hellion  
  38  11:50  Marine  
  37  12:00  Viking  
  37  12:04  Hellion  
  38  12:11  SCV, Hellion  
  38  12:13  SCV  
  38  12:15  Marauder  
  33  12:22  Command Center  
  21  12:23  SCV  
  21  12:32  Hellion  
  21  12:34  Marine  
  21  12:35  SCV  
Show
View Real Time Build Order
Export as new Build Order

notthispunk Terran - Winner!

Build Orders:  

Get SALT Encoding   

  12  0:02  SCV  
  13  0:14  SCV  
  14  0:21  Supply Depot  
  14  0:26  SCV  
  15  0:43  SCV  
  15  0:48  Barracks  
  16  0:55  SCV  
  16  0:56  Refinery  
  17  1:07  SCV  
  18  1:19  SCV  
  19  1:27  Command Center  
  19  1:36  SCV  
  20  1:40  Refinery  
  20  1:48  SCV  
  20  1:51  Supply Depot  
  21  2:00  SCV  
  22  2:08  Barracks Reactor  
  22  2:13  SCV  
  23  2:25  SCV  
  23  2:29  Barracks  
  24  2:30  Barracks  
  24  2:41  Engineering Bay  
  24  2:46  Orbital Command  
  24  2:51  SCV  
  25  3:06  Orbital Command  
  25  3:14  Marine x2  
  27  3:27  Supply Depot  
  27  3:30  Supply Depot  
  27  3:32  Marine x2  
  29  3:34  SCV x2  
  31  3:46  SCV  
  31  3:47  Barracks Tech Lab  
  32  3:50  Marine x2  
  34  3:56  Barracks Tech Lab  
  34  4:05  SCV  
  34  4:06  SCV  
  34  4:08  Marine x2, Terran Infantry Weapons Level 1  
  38  4:13  Factory  
  38  4:17  SCV  
  38  4:19  Marauder  
  38  4:20  Marauder  
  43  4:25  Marine  
  43  4:26  Marine  
  45  4:35  Supply Depot  
  45  4:38  Supply Depot  
  45  4:40  Combat Shield  
  45  4:41  Marauder x2, Stimpack  
  49  4:47  SCV x2  
  49  4:50  Marine x2  
  53  4:59  SCV x2  
  55  5:02  Marauder  
  55  5:05  Factory Reactor  
  57  5:17  Starport  
  57  5:31  Refinery  
  57  5:32  SCV, Refinery  
  57  5:33  SCV  
  59  5:44  SCV  
  59  5:45  Marine x2  
  59  5:46  Marauder x2  
  66  5:52  SCV  
  66  5:56  SCV  
  68  6:00  Supply Depot  
  68  6:02  Marine, Supply Depot  
  68  6:03  Marine, Terran Infantry Armor Level 1  
  70  6:04  Supply Depot  
  69  6:35  Factory Tech Lab  
  69  6:44  Medivac x2  
  69  6:46  Marine x2  
  75  6:47  Marauder  
  75  6:48  Marauder  
  79  6:55  SCV  
  79  6:56  SCV  
  79  7:00  Siege Tank  
  84  7:04  Marine x2  
  84  7:07  SCV  
  84  7:08  SCV  
  88  7:09  Marauder x2  
  92  7:21  Armory  
  92  7:22  Marine x2  
  94  7:30  Marauder x2  
  94  7:34  Supply Depot  
  94  7:36  Supply Depot  
  98  7:39  Marine  
  98  7:40  Marine, Supply Depot  
  98  7:41  Supply Depot  
  100  7:47  Medivac  
  102  7:56  Siege Tank, Marauder, Medivac  
  111  7:58  Marauder  
  111  8:08  Marine x2  
  113  8:16  SCV  
  113  8:17  SCV, Marauder  
  113  8:19  Marine  
  118  8:28  SCV, Siege Tank  
  118  8:29  SCV  
  123  8:37  Marauder  
  123  8:39  Marauder  
  88  8:56  Marine x2  
  88  8:59  Marauder  
  88  9:00  Marine  
  93  9:06  Siege Tank  
  96  9:11  Medivac x2  
  96  9:14  Marine x2  
  96  9:15  Terran Infantry Weapons Level 2  
  102  9:18  Marauder  
  102  9:20  Marauder  
  106  9:31  Marine  
  106  9:32  Marine  
  106  9:37  Command Center  
  108  9:38  Siege Tank  
  108  9:39  Marauder  
  108  9:41  Marauder  
  115  9:49  Marine x2  
  115  9:51  Barracks  
  117  9:54  Barracks  
  117  9:58  Barracks  
  117  10:01  Marauder  
  117  10:02  Marine  
  120  10:07  Marine  
  120  10:10  Thor  
  127  10:21  Marauder  
  129  10:22  Marauder  
  131  10:47  Marine  
  131  10:48  Marine x3  
  130  11:05  Marine x2  
  130  11:06  Marauder x2  
  127  11:23  Marine x2  
  129  11:28  Marauder x2  
  133  11:41  Marine x2  
  133  11:46  Barracks Reactor  
  135  11:47  Barracks Reactor  
  135  11:48  Marine  
  135  11:49  Marauder  
  136  12:07  Marauder  
  136  12:10  Marauder  
Tags
 
League
Gold
Matchup
TvT
Race
Terran
Spawn Locations
Cross Positions
Add a new tag
Caveats
  • Supply blocks, unpowered buildings, or Contaminate may cause inaccurate times.
  • Supply counts are checked every 10 seconds.